SA
KINGSTON MANGOS @ CALDWELL CHIEFS
08/29/2041
 
TOP OF THE 1ST
Kingston Mangos batting - Pitching for Caldwell Chiefs : RHP Donald Nexport
Pitching: RHP Donald Nexport
Batting: RHB George Lewis 0-0: Ball
1-0: Ball
2-0: Called Strike
2-1: Called Strike
2-2: Ball
3-2: Base on Balls
Batting: RHB Bob Byrd 0-0: Ball
1-0: SINGLE (Groundball, 56D, EV 97.5 MPH)
George Lewis to second
Batting: LHB Francisco Obando 0-0: Ball
1-0: Ball
2-0: Fly out, F8 (Flyball, 8RM, EV 84.4 MPH)
Runner from 2nd tags up, SAFE at 3rd with throw by CF
Batting: RHB Vicente Casaus 0-0: Called Strike
0-1: Ball
1-1: Ball
2-1: Fly out, F8 (Flyball, 89M, EV 85.6 MPH)
Runner from 3rd tags up, SCORES, throw by CF
Batting: LHB Bill Carney 0-0: Called Strike
0-1: Ball
1-1: Called Strike
1-2: Foul Ball, location: 2F
1-2: Strikes out looking
Top of the 1st over - 1 run, 1 hit, 0 errors, 1 left on base; Kingston 1 - Caldwell 0
BOTTOM OF THE 1ST
Caldwell Chiefs batting - Pitching for Kingston Mangos : LHP Bill Salas
Pitching: LHP Bill Salas
Batting: RHB Tim Garner 0-0: Foul Ball, location: 2F
0-1: Reached on error, E6 (Groundball, 6, EV 83.8 MPH)
Batting: RHB Bastien Oudin 0-0: Ball
1-0: Fly out, F9 (Flyball, 9D, EV 91.2 MPH)
Runner from 2nd tags up, SAFE at 3rd, no throw by RF
Batting: LHB Jorge Napolez 0-0: Ball
1-0: Called Strike
1-1: Fly out, F6 (Popup, 6, EV 56.9 MPH)
Batting: RHB Kuan Pi 0-0: Called Strike
0-1: Swinging Strike
0-2: Ground out 1-3 (Groundball, P, EV 63.8 MPH)
Bottom of the 1st over - 0 runs, 0 hits, 1 error, 1 left on base; Kingston 1 - Caldwell 0
TOP OF THE 2ND
Kingston Mangos batting - Pitching for Caldwell Chiefs : RHP Donald Nexport
Batting: RHB Harald Tijl 0-0: Foul Ball, location: 2F
0-1: Called Strike
0-2: Ball
1-2: Foul Ball, location: 2F
1-2: Foul Ball, location: 2F
1-2: Strikes out swinging
Batting: LHB Dong-min Ch'oe 0-0: Called Strike
0-1: SINGLE (Groundball, 34D, EV 106.9 MPH)
Batting: RHB Max Dickins 0-0: Called Strike
0-1: Foul Ball, location: 2F
0-2: Ball
1-2: Ball
2-2: Strikes out swinging
Batting: RHB Alfredo López 0-0: Fielders Choice at 2nd, 6-4 (Groundball, 6, EV 105.6 MPH)
Top of the 2nd over - 0 runs, 1 hit, 0 errors, 1 left on base; Kingston 1 - Caldwell 0
BOTTOM OF THE 2ND
Caldwell Chiefs batting - Pitching for Kingston Mangos : LHP Bill Salas
Batting: LHB Rafael Martínez 0-0: Called Strike
0-1: Called Strike
0-2: Ball
1-2: Ball
2-2: DOUBLE (Line Drive, 78D, EV 109.4 MPH)
Batting: RHB Derrick Davis 0-0: Ball
1-0: SINGLE (Flyball, 78M, EV 93.1 MPH)
Rafael Martínez to third
Batting: RHB Kane Felton 0-0: Ball
1-0: SINGLE (Groundball, 56, EV 90.0 MPH) (infield hit)
Rafael Martínez scores
Derrick Davis to second
Batting: LHB John Kersey 0-0: Called Strike
0-1: Ball
1-1: Called Strike
1-2: Ball
2-2: Ball
3-2: Foul Ball, location: 2F
3-2: Base on Balls
Derrick Davis to third
Kane Felton to second
Batting: RHB Jesús Mancebo 0-0: Ball
1-0: Called Strike
1-1: Ball
2-1: Ball
3-1: Fly out, F8 (Flyball, 8RS, EV 71.9 MPH)
Runner from 3rd tags up, OUT at HOME! 8-2
Kane Felton to third
John Kersey to second
Batting: RHB Tim Garner 0-0: Swinging Strike
0-1: Foul Ball, location: 2F
0-2: Strikes out looking
Bottom of the 2nd over - 1 run, 3 hits, 0 errors, 2 left on base; Kingston 1 - Caldwell 1
TOP OF THE 3RD
Kingston Mangos batting - Pitching for Caldwell Chiefs : RHP Donald Nexport
Batting: RHB George Lewis 0-0: Ball
1-0: Fly out, F9 (Flyball, 9S, EV 78.8 MPH)
Batting: RHB Bob Byrd 0-0: Ball
1-0: Called Strike
1-1: Foul Ball, location: 2F
1-2: Ball
2-2: Ball
3-2: Foul Ball, location: 2F
3-2: Strikes out swinging
Batting: LHB Francisco Obando 0-0: Ball
1-0: Fly out, F9 (Flyball, 9LS, EV 95.6 MPH)
Top of the 3rd over - 0 runs, 0 hits, 0 errors, 0 left on base; Kingston 1 - Caldwell 1
BOTTOM OF THE 3RD
Caldwell Chiefs batting - Pitching for Kingston Mangos : LHP Bill Salas
Batting: RHB Bastien Oudin 0-0: Ball
1-0: Ball
2-0: Called Strike
2-1: Ball
3-1: Base on Balls
Batting: LHB Jorge Napolez 0-0: Ball
1-0: Swinging Strike
1-1: Called Strike
1-2: Fielders Choice at 2nd, 6-4 (Groundball, 6, EV 82.5 MPH)
Batting: RHB Kuan Pi 0-0: Foul Ball, location: 2F
0-1: Ball
Jorge Napolez steals 2nd base
1-1: Foul Ball, location: 2F
1-2: Foul Ball, location: 2F
1-2: Ball
2-2: Foul Ball, location: 2F
2-2: Foul Ball, location: 2F
2-2: Ball
3-2: Hit by Pitch
Batting: LHB Rafael Martínez 0-0: Called Strike
0-1: Called Strike
0-2: Ball
1-2: Strikes out swinging
Batting: RHB Derrick Davis 0-0: Foul Ball, location: 2F
0-1: Swinging Strike
0-2: Ground out 1-3 (Groundball, 13S, EV 68.8 MPH)
Bottom of the 3rd over - 0 runs, 0 hits, 0 errors, 2 left on base; Kingston 1 - Caldwell 1
TOP OF THE 4TH
Kingston Mangos batting - Pitching for Caldwell Chiefs : RHP Donald Nexport
Batting: RHB Vicente Casaus 0-0: DOUBLE (Flyball, 78XD, EV 103.8 MPH)
Batting: LHB Bill Carney 0-0: Ball
1-0: Foul Ball, location: 2F
1-1: Ball
2-1: Fly out, F8 (Flyball, 89M, EV 81.2 MPH)
Batting: RHB Harald Tijl 0-0: Ground out 4-3 (Groundball, 34, EV 106.9 MPH)
Vicente Casaus to third
Batting: LHB Dong-min Ch'oe 0-0: Ball
1-0: Ball
2-0: Called Strike
2-1: Foul Ball, location: 2F
2-2: Strikes out looking
Top of the 4th over - 0 runs, 1 hit, 0 errors, 1 left on base; Kingston 1 - Caldwell 1
BOTTOM OF THE 4TH
Caldwell Chiefs batting - Pitching for Kingston Mangos : LHP Bill Salas
Batting: RHB Kane Felton 0-0: Called Strike
0-1: Called Strike
0-2: Ball
1-2: Strikes out looking
Batting: LHB John Kersey 0-0: Called Strike
0-1: Foul Ball, location: 2F
0-2: Foul Ball, location: 2F
0-2: Ground out 6-3 (Groundball, 6, EV 76.9 MPH)
Batting: RHB Jesús Mancebo 0-0: Ball
1-0: Called Strike
1-1: Foul Ball, location: 2F
1-2: Strikes out swinging
Bottom of the 4th over - 0 runs, 0 hits, 0 errors, 0 left on base; Kingston 1 - Caldwell 1
TOP OF THE 5TH
Kingston Mangos batting - Pitching for Caldwell Chiefs : RHP Donald Nexport
Batting: RHB Max Dickins 0-0: Ball
1-0: Ball
2-0: Called Strike
2-1: Fly out, F7 (Flyball, 78M, EV 88.8 MPH)
Batting: RHB Alfredo López 0-0: Swinging Strike
0-1: Foul Ball, location: 2F
0-2: Ball
1-2: Ball
2-2: SINGLE (Groundball, 6MD, EV 103.1 MPH)
Batting: RHB George Lewis 0-0: Foul Ball, location: 2F
0-1: Ball
1-1: Foul Ball, location: 2F
1-2: Ball
2-2: 2-RUN HOME RUN (Flyball, 7D, EV 104.4 MPH), Distance : 376 ft
Batting: RHB Bob Byrd 0-0: SOLO HOME RUN (Flyball, 9LD, EV 93.1 MPH), Distance : 344 ft
Batting: LHB Francisco Obando 0-0: Ball
1-0: Ball
2-0: Ground out 6-3 (Groundball, 56, EV 80.0 MPH)
Batting: RHB Vicente Casaus 0-0: Ball
1-0: Ball
2-0: Fly out, F6 (Line Drive, 6, EV 76.2 MPH)
Top of the 5th over - 3 runs, 3 hits, 0 errors, 0 left on base; Kingston 4 - Caldwell 1
BOTTOM OF THE 5TH
Caldwell Chiefs batting - Pitching for Kingston Mangos : LHP Bill Salas
Batting: RHB Tim Garner 0-0: Fly out, F9 (Flyball, 9LS, EV 91.2 MPH)
Batting: RHB Bastien Oudin 0-0: Ball
1-0: Foul Ball, location: 2F
1-1: Ball
2-1: Foul Ball, location: 2F
2-2: SINGLE (Line Drive, 9LS, EV 106.9 MPH)
Batting: LHB Jorge Napolez 0-0: Ball
1-0: Ball
2-0: Ball
3-0: Base on Balls
Bastien Oudin to second
Batting: RHB Kuan Pi 0-0: Foul Ball, location: 2F
0-1: Ball
1-1: Called Strike
1-2: Ball
Wild Pitch!
Bastien Oudin to third
Jorge Napolez to second
2-2: Fly out, F8 (Flyball, 8RM, EV 93.1 MPH)
Batting: LHB Rafael Martínez 0-0: Ball
1-0: Ground out 4-3 (Groundball, 34, EV 97.5 MPH)
Bottom of the 5th over - 0 runs, 1 hit, 0 errors, 2 left on base; Kingston 4 - Caldwell 1
TOP OF THE 6TH
Kingston Mangos batting - Pitching for Caldwell Chiefs : RHP Donald Nexport
Batting: LHB Bill Carney 0-0: Ball
1-0: Ground out U3 (Groundball, 3, EV 90.6 MPH)
Batting: RHB Harald Tijl 0-0: DOUBLE (Line Drive, 9LD, EV 105.6 MPH)
Batting: LHB Dong-min Ch'oe 0-0: Ball
1-0: Fly out, F8 (Flyball, 8RM, EV 88.1 MPH)
Batting: RHB Max Dickins 0-0: Called Strike
0-1: Called Strike
0-2: Foul Ball, location: 2F
0-2: Strikes out swinging
Top of the 6th over - 0 runs, 1 hit, 0 errors, 1 left on base; Kingston 4 - Caldwell 1
BOTTOM OF THE 6TH
Caldwell Chiefs batting - Pitching for Kingston Mangos : LHP Bill Salas
Batting: RHB Derrick Davis 0-0: Ball
1-0: Called Strike
1-1: Called Strike
1-2: Foul Ball, location: 2F
1-2: Foul Ball, location: 2F
1-2: Foul Ball, location: 2F
1-2: Ball
2-2: Ball
3-2: Base on Balls
Batting: RHB Kane Felton 0-0: Called Strike
0-1: Swinging Strike
0-2: Strikes out looking
Batting: LHB John Kersey 0-0: Ground out 6-3 (Groundball, 6, EV 90.6 MPH)
Derrick Davis to second
Pitching: RHP Petr Elfimov
Batting: RHB Jesús Mancebo 0-0: Fly out, F8 (Flyball, 8RD, EV 103.1 MPH)
Bottom of the 6th over - 0 runs, 0 hits, 0 errors, 1 left on base; Kingston 4 - Caldwell 1
TOP OF THE 7TH
Kingston Mangos batting - Pitching for Caldwell Chiefs : RHP Donald Nexport
Batting: RHB Alfredo López 0-0: Ball
1-0: Called Strike
1-1: Swinging Strike
1-2: Strikes out swinging
Batting: RHB George Lewis 0-0: Called Strike
0-1: Called Strike
0-2: Foul Ball, location: 2F
0-2: Ball
1-2: Strikes out swinging
Batting: RHB Bob Byrd 0-0: Ball
1-0: Ball
2-0: Called Strike
2-1: Ball
3-1: Foul Ball, location: 2F
3-2: Strikes out looking
Top of the 7th over - 0 runs, 0 hits, 0 errors, 0 left on base; Kingston 4 - Caldwell 1
BOTTOM OF THE 7TH
Caldwell Chiefs batting - Pitching for Kingston Mangos : RHP Petr Elfimov
Batting: RHB Tim Garner 0-0: Ball
1-0: Foul Ball, location: 2F
1-1: Foul Ball, location: 2F
1-2: Ground out 6-3 (Groundball, 6, EV 96.2 MPH)
Batting: RHB Bastien Oudin 0-0: Ball
1-0: Reached on error, E6 (Groundball, 6, EV 81.9 MPH)
Batting: LHB Jorge Napolez 0-0: Ball
1-0: Ball
2-0: Foul Ball, location: 2F
2-1: Ball
3-1: Foul Ball, location: 2F
3-2: Fly out, F7 (Flyball, 7, EV 89.4 MPH)
Batting: RHB Kuan Pi 0-0: Called Strike
0-1: Foul Ball, location: 2F
0-2: Strikes out swinging
Bottom of the 7th over - 0 runs, 0 hits, 1 error, 1 left on base; Kingston 4 - Caldwell 1
TOP OF THE 8TH
Kingston Mangos batting - Pitching for Caldwell Chiefs : RHP Donald Nexport
Pitching: RHP Rubén Medina
Batting: LHB Francisco Obando 0-0: Ball
1-0: Foul Ball, location: 2F
1-1: Ball
2-1: Called Strike
2-2: Ball
3-2: Foul Ball, location: 2F
3-2: Base on Balls
Batting: RHB Vicente Casaus 0-0: Ball
1-0: Called Strike
1-1: Fly out, F9 (Flyball, 89D, EV 106.9 MPH)
Batting: LHB Bill Carney 0-0: Called Strike
0-1: Ball
1-1: Ball
Wild Pitch!
Francisco Obando to second
2-1: Swinging Strike
2-2: Ball
3-2: Strikes out swinging
Batting: RHB Harald Tijl 0-0: Foul Ball, location: 2F
0-1: Foul Ball, location: 2F
0-2: Foul Ball, location: 2F
0-2: Foul Ball, location: 2F
0-2: Foul Ball, location: 2F
0-2: Ball
1-2: Foul Ball, location: 2F
1-2: Fly out, F8 (Flyball, 8RM, EV 88.1 MPH)
Top of the 8th over - 0 runs, 0 hits, 0 errors, 1 left on base; Kingston 4 - Caldwell 1
BOTTOM OF THE 8TH
Caldwell Chiefs batting - Pitching for Kingston Mangos : RHP Petr Elfimov
Batting: LHB Rafael Martínez 0-0: Ball
1-0: Ball
2-0: Ball
3-0: Called Strike
3-1: Foul Ball, location: 2F
3-2: Ground out 5-3 (Groundball, 56S, EV 84.4 MPH)
Batting: RHB Derrick Davis 0-0: Ball
1-0: Ball
2-0: Called Strike
2-1: Called Strike
2-2: SOLO HOME RUN (Flyball, 78XD, EV 90.6 MPH), Distance : 441 ft
Batting: RHB Kane Felton 0-0: Ball
1-0: Swinging Strike
1-1: Foul Ball, location: 2F
1-2: SINGLE (Groundball, 6MD, EV 96.9 MPH)
Batting: LHB John Kersey 0-0: Called Strike
0-1: Ball
1-1: Ball
2-1: Foul Ball, location: 2F
2-2: SINGLE (Groundball, 23, EV 69.4 MPH) (infield hit)
Kane Felton to second
Pitching: RHP Gabriel García
Batting: RHB Jesús Mancebo 0-0: Called Strike
0-1: Ball
1-1: Called Strike
1-2: Ball
2-2: Foul Ball, location: 2F
2-2: Strikes out swinging
Pinch Hitting: LHB Richard Barlow 0-0: Ball
1-0: Called Strike
1-1: Called Strike
1-2: Strikes out looking
Bottom of the 8th over - 1 run, 3 hits, 0 errors, 2 left on base; Kingston 4 - Caldwell 2
TOP OF THE 9TH
Kingston Mangos batting - Pitching for Caldwell Chiefs : RHP Rubén Medina
Now at 1B: Tangaloa Manaolana
Batting: LHB Dong-min Ch'oe 0-0: Called Strike
0-1: Swinging Strike
0-2: Strikes out swinging
Batting: RHB Max Dickins 0-0: Called Strike
0-1: Foul Ball, location: 2F
0-2: Ball
1-2: Ball
2-2: Ground out 1-3 (Groundball, 13S, EV 73.1 MPH)
Batting: RHB Alfredo López 0-0: Called Strike
0-1: Ball
1-1: Foul Ball, location: 2F
1-2: Ground out 5-3 (Groundball, 56S, EV 88.8 MPH)
Top of the 9th over - 0 runs, 0 hits, 0 errors, 0 left on base; Kingston 4 - Caldwell 2
BOTTOM OF THE 9TH
Caldwell Chiefs batting - Pitching for Kingston Mangos : RHP Gabriel García
Pitching: RHP Thomas Hancock
Batting: RHB Bastien Oudin 0-0: Fly out, F8 (Flyball, 8LD, EV 105.6 MPH)
Batting: LHB Jorge Napolez 0-0: Called Strike
0-1: Ball
1-1: Ball
2-1: DOUBLE (Line Drive, 7LS, EV 108.8 MPH)
Batting: RHB Kuan Pi 0-0: Called Strike
0-1: Called Strike
0-2: Foul Ball, location: 2F
0-2: Foul Ball, location: 2F
0-2: Ball
1-2: Ball
2-2: Strikes out looking
Batting: LHB Rafael Martínez 0-0: Ball
1-0: Called Strike
1-1: Swinging Strike
1-2: Strikes out swinging
Bottom of the 9th over - 0 runs, 1 hit, 0 errors, 1 left on base; Kingston 4 - Caldwell 2
Tuesday, January 5th, 2021 - OOTP Baseball 20.8 Build 74